 Dungeon Crawl Stone Soup version 0.31-a0-924-ge39a22a033 (webtiles) character file.

Game seed: 15015347631823615674

1196 Gladio the Slicer (level 8, -2/61 HPs)
             Began as a Vampire Gladiator on Oct 18, 2023.
             Succumbed to a gnoll's poison
             ... on level 6 of the Dungeon.
             The game lasted 00:14:29 (4245 turns).

Gladio the Slicer (Vampire Gladiator)               Turns: 4245, Time: 00:14:29

Health: -2/61      AC:  8    Str: 13    XL:     8   Next: 20%
Magic:  8/8        EV: 13    Int: 10    God:
Gold:   255        SH:  5    Dex: 18    Spells: 6/7 levels left

rFire   . . .        r - +1 dagger (venom)
rCold   . . .        (no shield)
rNeg    . . .        q - +0 ring mail
rPois   .            c - +0 helmet
rElec   .            z - +0 cloak {rCorr}
rCorr   +            (no gloves)
SInv    +            B - +0 pair of boots
Will    .....        h - amulet of reflection
Stlth   +            f - +4 ring of slaying
HPRegen 0.50/turn    (no ring)
MPRegen 0.11/turn

%: reflection
@: mighty, lethally poisoned (-2 -> -29), weakened, attractive, healing quickly
A: alive, fangs 3, see invisible, vampiric 2
a: Exsanguinate


You were on level 6 of the Dungeon.
You visited 1 branch of the dungeon, and saw 6 of its levels.

You collected 255 gold pieces.

Inventory:

Hand Weapons
 a - a +0 rapier
 r - a +1 dagger of venom (weapon)
 C - a +3 shortbow of flaming
Missiles
 d - 2 throwing nets (quivered)
 j - 2 poisoned darts
 u - a javelin
 x - 6 boomerangs
Armour
 b - a +0 leather armour
 c - a +0 helmet (worn)
 q - a +0 ring mail (worn)
 z - a +0 cloak of preservation (worn)
 B - a +0 pair of boots (worn)
Jewellery
 f - a +4 ring of slaying (left hand)
 h - an amulet of reflection (around neck)
 k - a +5 ring of evasion
 w - a ring of magical power
 A - an amulet of guardian spirit
Wands
 e - a wand of mindburst (19)
 p - a wand of roots (13)
Scrolls
 g - 2 scrolls of vulnerability
 i - a scroll of immolation {unknown}
 l - a scroll of enchant weapon {unknown}
 o - 3 scrolls of fear {unknown}
 t - a scroll of poison {unknown}
 y - a scroll of enchant armour {unknown}
 D - a scroll of revelation {unknown}
Potions
 m - a potion of degeneration
 n - a potion of enlightenment


   Skills:
 + Level 4.5 Fighting
 * Level 8.0 Short Blades
 - Level 1.5 Throwing
 - Level 2.0 Armour
 + Level 6.1 Dodging


You had 6 spell levels left.
You knew the following spells:

 Your Spells              Type           Power      Damage    Failure   Level
a - Slow                  Hex            0%         N/A       63%         1

Your spell library contained the following spells:

 Spells                   Type           Power      Damage    Failure   Level
 Confusing Touch          Hex            0%         N/A       94%         3
 Sigil of Binding         Hex            0%         N/A       94%         3
 Vampiric Draining        Necr           0%         2d6       94%         3


Dungeon Overview and Level Annotations

Branches:
Dungeon (6/15)
 Temple: D:4-7

Altars:


Innate Abilities, Weirdness & Mutations

Your natural rate of healing is accelerated.
You have razor-sharp teeth.
You have supernaturally acute eyesight. (SInv)
You are afflicted with vampirism and can become a bat while bloodless.


Message History

The gnoll barely misses you.
You feel very mighty all of a sudden.
You feel very sick. The gnoll bouda barely misses you.
The gnoll hits you from afar with a +2 spear of venom.
Unknown command.
You hit the gnoll bouda.
The gnoll bouda is lightly wounded.
You feel sick.
You closely miss the gnoll bouda. You bite the gnoll bouda.
The gnoll bouda is moderately wounded.
You feel sick. The gnoll barely misses you. You block the gnoll bouda's attack.
You barely miss the gnoll bouda.
The gnoll bouda is moderately wounded.
You feel sick.
The gnoll bouda gazes fiercely through you!
You feel as though you will be weak longer.
You block the gnoll bouda's attack. The gnoll hits you but does no damage.
You are more poisoned.
You hit the gnoll bouda.
The gnoll bouda looks even sicker.
The gnoll bouda is heavily wounded.
You feel sick.
You puncture the gnoll bouda!
You kill the gnoll bouda!
You feel sick.
The gnoll is no longer moving quickly.
The gnoll hits you from afar with a +2 spear of venom!
* * * LOW HITPOINT WARNING * * *
You are lethally poisoned!
It was a potion of attraction.
You feel attractive to monsters.
* * * LOW HITPOINT WARNING * * *
You feel extremely sick. The gnoll hits you but does no damage.
You are more poisoned.
The gnoll is attracted toward you.
Aiming: Mindburst
Press: ? - help, Q - select action, (/) - cycle Shift-Dir - straight line, f - gnoll
Aim: a gnoll, wielding a +2 spear of venom (chance to affect: 72%)
The gnoll's mind is blasted!
You die...

.# #.##. ##.# .#g.
#.. .#.# # #.#####
..#### .# ##.#...
.....#..#
###.)#.###.#......#
#...#).....#.....#
#.###.#.####ยง...#
##.# ###...@g....#
##..# ##..###....#
##..## #...# ######
#..## #...##
#.######.#...
#.###....#####
####.#...###
..........#
..........#


You could see a gnoll.

Vanquished Creatures
  2 ogres
  A centaur (D:5)
  A phantom (D:5)
  A bullfrog (D:6)
  3 hounds
  2 jellies
  An orc priest (D:4)
  Crazy Yiuf (D:3)
  A gnoll bouda (D:6)
  4 iguanas
  Terence (D:2)
  Ijyb (D:3)
  5 orc wizards (D:4)
  Natasha (twice) (D:4)
  6 gnolls
  5 adders
  A white imp (D:5)
  2 worms
  5 dart slugs
  7 orcs
  6 endoplasms
  5 giant cockroaches
  18 goblins
  8 hobgoblins
  6 jackals
  10 kobolds
  6 quokkas
  10 ball pythons
  8 bats
  3 frilled lizards
  12 rats
144 creatures vanquished.

Notes
Turn   | Place    | Note
-------+----------+-------------------------------------------
     0 | D:1      | Gladio the Vampire Gladiator began the quest for the Orb.
     0 | D:1      | Reached XP level 1. HP: 16/16 MP: 1/1
   133 | D:1      | Reached XP level 2. HP: 20/22 MP: 2/2
   308 | D:1      | Gained mutation: You are afflicted with vampirism and can
                  | become a bat while bloodless. [Vampire growth]
   308 | D:1      | Reached XP level 3. HP: 27/27 MP: 3/3
   374 | D:1      | Learned a level 1 spell: Slow
   411 | D:1      | Reached skill level 4 in Short Blades
   486 | D:2      | Noticed Terence
   528 | D:2      | Reached skill level 1 in Armour
   787 | D:2      | Killed Terence
   788 | D:2      | Reached XP level 4. HP: 34/34 MP: 4/4
  1116 | D:2      | Reached XP level 5. HP: 38/39 MP: 5/5
  1376 | D:3      | Found a runed translucent door.
  1377 | D:3      | Noticed Crazy Yiuf
  1574 | D:3      | Noticed Ijyb
  1599 | D:3      | Killed Ijyb
  1719 | D:3      | Reached skill level 5 in Short Blades
  2261 | D:3      | Killed Crazy Yiuf
  2324 | D:3      | Reached XP level 6. HP: 47/47 MP: 6/6
  2709 | D:4      | Noticed Natasha
  2714 | D:4      | Killed Natasha
  2885 | D:4      | Reached skill level 6 in Short Blades
  2895 | D:4      | Reached skill level 5 in Dodging
  2895 | D:4      | Reached XP level 7. HP: 34/52 MP: 7/7
  2963 | D:4      | Noticed Natasha
  2968 | D:4      | Killed Natasha
  3132 | D:5      | Entered Level 5 of the Dungeon
  3437 | D:5      | Reached skill level 7 in Short Blades
  4151 | D:6      | Reached XP level 8. HP: 45/61 MP: 8/8
  4236 | D:6      | Reached skill level 8 in Short Blades
  4245 | D:6      | Succumbed to a gnoll's poison

Illustrated notes

Levels and vault maps discovered:
D:1:      dpeg_arrival_prison, layout_basic
D:2:      layout_rooms, uniq_terence
D:3:      kennysheep_the_goblin_king, layout_loops_corners, st_stairs_11,
          glass_columns_a, nrook_campfire, uniq_crazy_yiuf_cottage
D:4:      layout_loops_cross, minmay_misc_feat_rows, uniq_natasha
D:5:      layout_gridville, dreamdust_princess_bridge,
          nicolae_kite_square_tiling_tiny
D:6:      layout_rooms, minmay_temple_entry_junction

Skill      XL: |  1  2  3  4  5  6  7  8 |
---------------+-------------------------+-----
Fighting       | 2 3 4 |  4.5
Short Blades   | 4 5 6 7 8 |  8.0
Armour         | 1 2 |  2.0
Dodging        | 4 5 6 |  6.1
Throwing       | |  1.5

Action                     |  1- 3 |  4- 6 |  7- 9 || total
---------------------------+-------+-------+-------++-------
  Melee: Rapier            |    99 |    14 |       ||   113
         Bite              |     8 |    15 |    19 ||    42
         Punch             |     1 |     2 |     2 ||     5
         Dagger            |       |   160 |    96 ||   256
   Fire: Shortbow          |       |       |     4 ||     4
  Throw: Dart              |     3 |     2 |       ||     5
         Throwing net      |     1 |     1 |     2 ||     4
         Javelin           |       |     2 |       ||     2
  Evoke: Wand              |       |       |     2 ||     2
    Use: Scroll            |       |     4 |       ||     4
         Potion            |       |     5 |     2 ||     7
   Stab: Sleeping          |     1 |       |       ||     1
         Held in net/web   |     2 |     2 |     1 ||     5
 Armour: Leather armour    |    33 |       |       ||    33
         Ring mail         |       |    83 |    38 ||   121
  Dodge: Dodged            |    47 |    79 |    30 ||   156
  Block: Other             |    11 |    23 |    12 ||    46
         Reflection        |       |       |     1 ||     1

Table legend: (Time is in decaauts)
 A = Elapsed time spent in this place.
 B = Non-inter-level travel time spent in this place.
 C = Inter-level travel time spent in this place.
 D = Time resting spent in this place.
 E = Time spent auto-exploring this place.
 F = Levels seen in this place.
 G = Mean time per level.
                   A        B        C        D        E       F      G
               +--------+--------+--------+--------+--------+-----+--------+
         Total |   4169 |   3900 |    269 |      0 |   2835 |   6 |  694.8 |
       Dungeon |   4169 |   3900 |    269 |      0 |   2835 |   6 |  694.8 |
               +--------+--------+--------+--------+--------+-----+--------+

Top non-repeatable levels by time:
     D:3: 1073 daAuts
     D:5: 959 daAuts
     D:4: 747 daAuts
     D:1: 638 daAuts
     D:2: 629 daAuts
     D:6: 122 daAuts
